 Dungeon Crawl Stone Soup version 0.20-a0-936-gaf809b6 (webtiles) character file.

163992 Rrauwl the Devastator (level 17, -4/100 HPs)
             Began as a Tengu Air Elementalist on Mar 29, 2017.
             Was the Champion of Vehumet.
             Slain by a thorn hunter (13 damage)
             ... on level 3 of the Swamp on Mar 30, 2017.
             The game lasted 07:19:10 (42545 turns).

Rrauwl the Devastator (Tengu Air Elementalist)     Turns: 42545, Time: 07:19:12

Health: -4/100     AC: 19    Str: 10    XL:     17   Next: 84%
Magic:  11/31      EV: 34    Int: 21    God:    Vehumet [******]
Gold:   2493       SH:  7    Dex: 17    Spells: 1/34 levels left

rFire    . . .     SeeInvis .   f - +0 trident (vamp)
rCold    + . .     Gourm    .   A - +0 buckler {AC+3}
rNeg     . . .     Faith    .   M - +4 acid dragon scales
rPois    .         Spirit   .   u - +1 hat
rElec    .         Reflect  .   C - +0 cloak
rCorr    +         Harm     .   J - +0 pair of gloves
MR       ++...                  (boots unavailable)
Stlth    ++........             b - amulet of magic regeneration
Regen    0.3/turn               n - +4 ring of evasion
MPRegen  0.4/turn               c - +5 ring of evasion

@: about to teleport, flying quickly and evasively, quick
A: beak, talons 3, agile 1, cold resistance 1, magic resistance 1, able to fly 2
a: Stop Flying, Renounce Religion


You were on level 3 of the Swamp.
You worshipped Vehumet.
Vehumet was exalted by your worship.
You were very hungry.

You visited 5 branches of the dungeon, and saw 27 of its levels.
You also visited: Ossuary.

You collected 2655 gold pieces.
You spent 162 gold pieces at shops.

Inventory:

Hand Weapons
 f - a +0 vampiric trident (weapon)
Missiles
 h - 3 tomahawks of dispersal (quivered)
Armour
 u - a +1 hat (worn)
 A - a +0 buckler of protection (worn)
 C - a +0 cloak (worn)
 J - a +0 pair of gloves (worn)
 M - +4 acid dragon scales (worn)
Jewellery
 b - an amulet of magic regeneration (around neck)
 c - a +5 ring of evasion (right hand)
 n - a +4 ring of evasion (left hand)
Wands
 a - a wand of enslavement (16/24)
 j - a wand of random effects (21/48)
 l - a wand of acid (7/15)
 m - a wand of acid (12/15)
 q - a wand of iceblast (11/15)
 z - a wand of lightning (10/15)
 G - a wand of confusion (37/48)
Scrolls
 d - 3 scrolls of amnesia
 e - 5 scrolls of fog
 g - 7 scrolls of identify
 p - 3 scrolls of blinking
 s - 13 scrolls of teleportation
 D - 7 scrolls of fear
 F - 17 scrolls of remove curse
 H - 2 scrolls of holy word
Potions
 k - 11 potions of curing
 r - a potion of agility
 v - a potion of lignification
 P - 2 potions of cancellation
Books
 o - a book of Callings

   Spells                             Type                      Level
   a - Summon Small Mammal            Summoning                    1
   b - Call Imp                       Summoning                    2
   c - Call Canine Familiar           Summoning                    3
   d - Summon Guardian Golem          Hexes/Summoning              3
   e - Summon Lightning Spire         Summoning/Air                4
   f - Summon Ice Beast               Ice/Summoning                4
Miscellaneous
 S - a fan of gales
Comestibles
 i - 5 bread rations
 t - a chunk of flesh
 w - a royal jelly
 x - a meat ration


   Skills:
 - Level 9.0 Fighting
 - Level 9.0 Polearms
 - Level 9.0 Armour
 - Level 12.2 Dodging
 - Level 2.0 Stealth
 - Level 10.0 Shields
 - Level 9.0 Spellcasting
 - Level 16.0 Conjurations
 - Level 4.0 Charms
 + Level 7.3 Necromancy
 - Level 4.0 Translocations
 - Level 9.0 Fire Magic
   Level 2.4 Ice Magic
 - Level 11.0 Air Magic
 - Level 6.0 Earth Magic
 - Level 6.0 Poison Magic
 - Level 6.1 Evocations


You had one spell level left.
You knew the following spells:

 Your Spells              Type           Power        Failure   Level  Hunger
a - Shock                 Conj/Air       ####         1%          1    None
b - Lightning Bolt        Conj/Air       ######....   1%          5    #####..
c - Swiftness             Chrm/Air       #####...     1%          2    None
d - Regeneration          Chrm/Necr      ####......   3%          3    None
e - Iron Shot             Conj/Erth      ######....   5%          6    ######.
f - Sticky Flame          Conj/Fire      ######..     1%          4    ###....
g - Venom Bolt            Conj/Pois      ######....   1%          5    #####..
h - Blink                 Tloc           N/A          3%          2    None
i - Fireball              Conj/Fire      ######....   1%          5    #####..


Dungeon Overview and Level Annotations

Branches:
Dungeon (15/15)            Temple (1/1) D:4            Lair (6/6) D:11
  Swamp (3/4) Lair:4        Snake (0/4) Lair:3        Slime (0/5) Lair:5
    Orc (2/2) D:12            Elf (0/3) Orc:2        Vaults (0/5) D:13
 Depths (0/5) D:15

Altars:
Ashenzari
Cheibriados
Dithmenos
Elyvilon
Fedhas
Gozag
Hepliaklqana
Kikubaaqudgha
Makhleb
Nemelex Xobeh
Okawaru
Qazlal
Ru
Sif Muna
Trog
Uskayaw
Vehumet
Wu Jian
Xom
Yredelemnul
Zin
The Shining One
Beogh
Jiyva

Shops:
D:9 *   Orc:2 :*[(

Annotations:
Swamp:1 Donald


Innate Abilities, Weirdness & Mutations

You have a beak for a mouth.
You have claws for feet.
You can fly continuously.
You are agile. (Dex +2)
Your flesh is cold resistant. (rC+)
You are resistant to hostile enchantments. (MR+)


Message History

The tyrant leech stops burning.
The briar patch crumbles away. x4
Unknown command.
Casting: Sticky Flame
Confirm with . or Enter, or press ? or * to list all spells.
Aiming: Sticky Flame
Press: ? - help, Shift-Dir - straight line, f - thorn hunter, p - tyrant leech
Aim: a thorn hunter (moderately damaged)
The sticky flame hits the thorn hunter.
The thorn hunter is burned terribly!
The thorn hunter is moderately damaged.
The thorn hunter is covered in liquid flames!
The flames covering the thorn hunter go out.
The thorn hunter stops burning.
The thorn hunter is engulfed in a cloud of scalding steam.
The thorn hunter closely misses you. The thorn hunter completely misses you.
The tyrant leech is engulfed in a cloud of scalding steam.
The tyrant leech bites you.
* * * LOW HITPOINT WARNING * * *
The tyrant leech draws strength from your injuries!
The thorn hunter hits you!
You die...

♣≈?≈≈.♣.≈≈≈≈≈..≈
♣.≈≈.♣.≈≈≈≈y≈§≈
♣♣♣♣♣≈.≈...≈≈†≈≈≈..
♣♣......≈≈≈.≈≈†≈≈≈..
♣♣.§≈..≈≈≈≈≈..≈§≈≈≈.≈
♣≈≈≈≈.≈≈≈≈≈.†♣♣♣≈≈≈≈.
♣...≈≈≈≈≈≈≈≈.♣ ♣≈≈≈≈≈
♣.≈≈≈≈≈≈≈.♣♣ ♣.≈≈.f
♣♣.@w≈≈.%.♣♣ ♣....≈
♣≈..f...♣♣♣ ♣..≈≈.
♣♣≈.♣≈..♣ ♣♣.(≈≈
♣♣♣.≈≈≈<>♣ ≈....!
♣.≈≈≈≈≈..≈ ≈≈≈≈.≈
♣≈≈≈..♣§...≈≈≈≈.♣
♣...§♣♣♣≈≈≈≈≈≈≈≈
...≈♣. ♣♣..≈≈.♣
..≈♣♣... .≈≈≈


You could see a thorn hunter and a tyrant leech.

Vanquished Creatures
  Rupert (D:13)
  A sphinx (D:15)
  A storm dragon (D:15)
  Kirke (D:12)
  A fire giant (D:15)
  Louise (Swamp:1)
  The ghost of tilp the Fencer, a journeyman MiBe of Trog (Orc:2)
  The ghost of tilp the Fencer, a journeyman MiBe of Trog (Lair:6)
  An orc warlord (Orc:2)
  A stone giant (shapeshifter) (D:12)
  Nessos (D:13)
  Azrael (D:15)
  The ghost of Sar the Fighter, a journeyman BaIE of the Shining One (Lair:1)
  An ettin (D:15)
  2 yaktaur captains (D:15)
  3 vault guards (D:13)
  18 hydras
  Harold (D:11)
  9 centaur warriors
  A ghost crab (Swamp:1)
  6 catoblepae
  A death knight (D:15)
  14 two-headed ogres
  A queen ant (shapeshifter) (D:15)
  The ghost of Perturabo the Carver, a novice DsGl of Okawaru (D:10)
  7 death yaks (Lair:6)
  3 orc high priests (Orc:2)
  5 ogre magi (D:15)
  A deep troll earth mage (D:15)
  An alligator (Swamp:2)
  2 tengu warriors
  2 unseen horrors (D:15)
  A spriggan druid (Swamp:2)
  A swamp dragon (Swamp:2)
  A flayed ghost (D:15)
  A wolf spider zombie (D:12)
  7 orc knights
  2 shambling mangroves
  Pikel (D:8)
  5 oklob plants
  A wolf spider (D:15)
  9 manticores
  4 orc sorcerers (Orc:2)
  5 ugly things
  6 cyclopes
  5 deep elf magi
  A salamander (shapeshifter) (D:13)
  2 torpor snails
  3 gargoyles
  11 spiny frogs
  3 black mambas
  Psyche (D:9)
  A rime drake (shapeshifter) (D:15)
  A kobold demonologist (D:15)
  A rime drake (Lair:4)
  7 komodo dragons
  A freezing wraith (D:15)
  2 tengu conjurers
  6 trolls
  2 polar bears
  A queen bee (D:11)
  A tyrant leech (Swamp:1)
  30 slime creatures
  24 dream sheep
  Grinder (D:6)
  4 hornets
  A harpy skeleton (D:15)
  A meliai zombie (D:12)
  A hippogriff (shapeshifter) (D:15)
  13 blink frogs
  7 bog bodies
  13 hippogriffs
  59 yaks
  3 spriggans
  A shadow (D:13)
  5 wraiths
  6 wyverns
  4 basilisks
  2 vampires
  3 fire elementals (D:15)
  5 hogs (D:12)
  18 vampire mosquitoes
  3 hungry ghosts
  16 wargs
  7 insubstantial wisps
  13 swamp worms
  A naga (shapeshifter) (D:15)
  2 nagas (Lair:3)
  6 acid dragons (D:15)
  12 water moccasins
  9 porcupines
  2 hell hounds (D:15)
  6 ice beasts
  A swamp drake (Swamp:2)
  44 orc warriors
  3 black bears
  3 phantoms
  4 sky beasts
  An eye of draining (D:15)
  2 necrophages
  17 ogres
  14 wolves
  4 boggarts (D:15)
  18 centaurs
  7 crocodiles
  2 big kobolds
  Blork the orc (D:6)
  18 bullfrogs
  A gnoll sergeant (D:13)
  A wyvern skeleton (D:11)
  15 scorpions
  26 wights
  25 killer bees
  A vampire bat (Orc:1)
  The ghost of Perturabo the Ducker, a weakling DsGl (D:4)
  5 howler monkeys
  6 electric eels
  8 crimson imps
  7 centaur zombies
  3 quasits
  14 jellies
  A bullfrog zombie (D:11)
  6 hounds
  25 orc wizards
  2 human zombies (Ossuary)
  38 orc priests
  A bullfrog skeleton (D:10)
  7 centaur skeletons
  Terence (D:3)
  7 iguanas
  Natasha (thrice) (D:3)
  14 worker ants
  3 big kobold zombies (Ossuary)
  A hound zombie (D:5)
  3 mummies (Ossuary)
  A howler monkey zombie (D:8)
  A worker ant zombie (D:11)
  3 gnolls (D:7)
  6 scorpion zombies (Ossuary)
  9 adders
  4 shadow imps
  12 oozes
  A worm zombie (D:4)
  An adder skeleton (D:5)
  5 worms
  3 dart slugs
  5 leopard geckos
  140 orcs
  5 giant cockroaches
  12 goblins
  4 hobgoblins (D:1)
  21 jackals
  2 quokkas
  A ball python skeleton (D:5)
  14 bats
  5 frilled lizards
  A gnoll zombie (Ossuary)
  2 goblin zombies (Ossuary)
  2 hobgoblin zombies (Ossuary)
  A jackal zombie (D:4)
  20 kobolds
  A kobold zombie (Ossuary)
  A quokka skeleton (D:4)
  7 rats
  A bush (Lair:2)
  2 fungi
  A plant (Lair:4)
1121 creatures vanquished.

Vanquished Creatures (collateral kills)
  2 death yaks (Lair:6)
  2 yaks (Lair:6)
4 creatures vanquished.

Vanquished Creatures (others)
  An unseen horror (D:15)
  A spriggan (Swamp:2)
  A human (D:12)
  A swamp worm (Swamp:2)
  3 slaves (D:8)
  A scorpion (Ossuary)
  A crimson imp (D:8)
  A jelly (D:15)
  An orc wizard (D:8)
  2 orcs (D:14)
  An orc zombie (Ossuary)
  2 briar patches (Swamp:3)
  11 fungi
  24 plants
51 creatures vanquished.

Grand Total: 1176 creatures vanquished

Notes
Turn   | Place    | Note
-------+----------+-------------------------------------------
     0 | D:1      | Rrauwl the Tengu Air Elementalist began the quest for the Orb.
     0 | D:1      | Reached XP level 1. HP: 10/10 MP: 4/4
   458 | D:1      | Reached XP level 2. HP: 15/15 MP: 3/6
   705 | D:1      | Reached XP level 3. HP: 15/19 MP: 0/8
  1411 | D:2      | Reached skill level 2 in Conjurations
  1670 | D:2      | Reached skill level 5 in Air Magic
  1670 | D:2      | Reached XP level 4. HP: 17/24 MP: 5/9
  2624 | D:2      | Reached skill level 3 in Conjurations
  2860 | D:2      | Gained mutation: You can fly. [Tengu growth]
  2860 | D:2      | Reached XP level 5. HP: 25/28 MP: 6/10
  2920 | D:3      | Learned a level 5 spell: Lightning Bolt
  2923 | D:3      | Learned a level 2 spell: Swiftness
  2927 | D:3      | Noticed Terence
  2945 | D:3      | Killed Terence
  3408 | D:3      | Noticed Natasha
  3426 | D:3      | Killed Natasha
  3426 | D:3      | Reached skill level 4 in Conjurations
  3486 | D:3      | Noticed Natasha
  3500 | D:3      | Killed Natasha
  3500 | D:3      | Reached XP level 6. HP: 9/32 MP: 9/11
  3586 | D:3      | Noticed Natasha
  3587 | D:3      | Killed Natasha
  3927 | D:4      | Noticed a necrophage
  3948 | D:4      | Killed a necrophage
  3948 | D:4      | Reached skill level 5 in Conjurations
  4084 | D:4      | Reached XP level 7. HP: 36/36 MP: 8/12
  4139 | D:4      | Found a sand-covered staircase.
  4175 | Ossuary  | Entered an ossuary
  4198 | Ossuary  | Reached skill level 1 in Polearms
  4198 | Ossuary  | Reached skill level 6 in Conjurations
  4821 | Ossuary  | Reached skill level 7 in Conjurations
  4821 | Ossuary  | Reached XP level 8. HP: 41/41 MP: 9/13
  5571 | D:4      | Noticed Perturabo's ghost (weakling DsGl)
  5583 | D:4      | Killed Perturabo's ghost
  5641 | D:4      | Found a staircase to the Ecumenical Temple.
  5649 | Temple   | Entered the Ecumenical Temple
  5797 | Temple   | Became a worshipper of Vehumet
  6138 | D:4      | Reached skill level 1 in Armour
  6141 | D:4      | Reached skill level 1 in Evocations
  6420 | D:5      | Entered Level 5 of the Dungeon
  6619 | D:5      | Gained mutation: You are weak. (Str -2) [potion of mutation]
  6619 | D:5      | Gained mutation: You are partially covered in icy blue scales. (AC +2) [potion of mutation]
  6620 | D:5      | Lost mutation: You are weak. (Str -2) [potion of mutation]
  6620 | D:5      | Gained mutation: Scrolls take you a little longer to read. [potion of mutation]
  6620 | D:5      | Gained mutation: Potions are less effective at restoring your health. [potion of mutation]
  6620 | D:5      | Gained mutation: You are resistant to hostile enchantments. (MR+) [potion of mutation]
  6621 | D:5      | Lost mutation: Scrolls take you a little longer to read. [potion of mutation]
  6621 | D:5      | Lost mutation: Potions are less effective at restoring your health. [potion of mutation]
  6621 | D:5      | Lost mutation: You are partially covered in icy blue scales. (AC +2) [potion of mutation]
  6621 | D:5      | Gained mutation: Your flesh is cold resistant. (rC+) [potion of mutation]
  6621 | D:5      | Gained mutation: You are agile. (Dex +2) [potion of mutation]
  6673 | D:5      | Reached skill level 1 in Fighting
  6753 | D:5      | Reached * piety under Vehumet
  6753 | D:5      | Offered knowledge of Sting by Vehumet.
  6776 | D:5      | Reached skill level 8 in Conjurations
  6776 | D:5      | Reached XP level 9. HP: 39/48 MP: 3/14
  7270 | D:6      | Noticed Grinder
  7772 | D:6      | Noticed Blork the orc
  7798 | D:6      | Killed Blork the orc
  7885 | D:6      | Reached skill level 5 in Polearms
  7968 | D:6      | Killed Grinder
  8736 | D:7      | Reached skill level 1 in Charms
  8898 | D:7      | Reached ** piety under Vehumet
  8898 | D:7      | Offered knowledge of Freeze by Vehumet.
  8915 | D:7      | Reached skill level 9 in Conjurations
  9199 | D:7      | Reached XP level 10. HP: 49/56 MP: 13/17
  9224 | D:7      | Learned a level 1 spell: Freeze
  9286 | D:7      | Reached skill level 5 in Dodging
  9398 | D:7      | Reached skill level 1 in Ice Magic
  9431 | D:7      | Offered knowledge of Stone Arrow by Vehumet.
  9524 | D:7      | Learned a level 3 spell: Stone Arrow
  9984 | D:8      | Reached *** piety under Vehumet
 10004 | D:8      | Noticed a two-headed ogre
 10042 | D:8      | Killed a two-headed ogre
 10042 | D:8      | Reached skill level 1 in Earth Magic
 10388 | D:8      | Reached skill level 5 in Spellcasting
 10557 | D:8      | Offered knowledge of Sticky Flame by Vehumet.
 10785 | D:8      | Learned a level 4 spell: Sticky Flame
 10962 | D:8      | Reached skill level 1 in Fire Magic
 11238 | D:8      | Reached skill level 10 in Conjurations
 11522 | D:8      | Reached skill level 10 in Air Magic
 11559 | D:8      | Reached **** piety under Vehumet
 11858 | D:8      | Noticed an orc knight
 11874 | D:8      | Reached XP level 11. HP: 62/62 MP: 16/19
 11895 | D:8      | Killed an orc knight
 11895 | D:8      | Reached skill level 5 in Fighting
 11906 | D:8      | Offered knowledge of Force Lance by Vehumet.
 12681 | D:8      | Found a bloodstained altar of Trog.
 12719 | D:8      | Noticed an orc knight
 12744 | D:8      | Killed an orc knight
 13215 | D:8      | Noticed Pikel
 13223 | D:8      | Killed Pikel
 13231 | D:8      | Reached ***** piety under Vehumet
 13312 | D:8      | Offered knowledge of Bolt of Magma by Vehumet.
 13319 | D:8      | Learned a level 5 spell: Bolt of Magma
 14131 | D:9      | Noticed Psyche
 14144 | D:9      | Killed Psyche
 14466 | D:9      | Noticed a two-headed ogre
 14489 | D:9      | Killed a two-headed ogre
 14738 | D:9      | Found Xaolaxul's General Store.
 14755 | D:9      | Bought a potion of heal wounds for 65 gold pieces
 14755 | D:9      | Bought a scroll of vulnerability for 97 gold pieces
 15007 | D:10     | Entered Level 10 of the Dungeon
 15367 | D:10     | Noticed Perturabo's ghost (novice DsGl)
 15378 | D:10     | HP: 1/64 [Perturabo's ghost (3)]
 15397 | D:10     | Killed Perturabo's ghost
 15397 | D:10     | Reached skill level 5 in Fire Magic
 15858 | D:10     | Reached XP level 12. HP: 52/71 MP: 16/21
 16010 | D:10     | Noticed a five-headed hydra
 16084 | D:10     | Killed a five-headed hydra
 17329 | D:11     | Noticed a two-headed ogre
 17332 | D:11     | Upgraded the game from 0.20-a0-927-g1ae2c61 to 0.20-a0-936-gaf809b6
 17341 | D:11     | Killed a two-headed ogre
 17349 | D:11     | Noticed an eight-headed hydra
 17358 | D:11     | Killed an eight-headed hydra
 17358 | D:11     | Reached skill level 11 in Conjurations
 17764 | D:11     | Found a staircase to the Lair.
 17822 | D:11     | Noticed a two-headed ogre
 17841 | D:11     | Killed a two-headed ogre
 17940 | D:11     | Noticed Harold
 17949 | D:11     | Killed Harold
 18045 | D:11     | Reached skill level 5 in Evocations
 18459 | Lair:1   | Entered Level 1 of the Lair of Beasts
 18641 | Lair:1   | Noticed an eight-headed hydra
 18760 | D:12     | Noticed Kirke
 18903 | D:12     | Found a staircase to the Orcish Mines.
 18927 | D:12     | Reached skill level 5 in Armour
 19325 | D:12     | Offered knowledge of Venom Bolt by Vehumet.
 19332 | D:12     | Learned a level 5 spell: Venom Bolt
 19361 | D:12     | Reached XP level 13. HP: 24/76 MP: 24/24
 19435 | D:12     | Reached skill level 1 in Poison Magic
 20281 | D:12     | Killed Kirke
 21380 | D:12     | Reached skill level 12 in Conjurations
 21811 | D:12     | Got a tattered robe
 21822 | D:12     | Noticed a caustic shrike
 21822 | D:12     | Identified the +2 robe "Ivvasera" {MR+ Regen+ Str-4} (You found it on level 12 of the Dungeon)
 22437 | Lair:1   | Noticed Sar's ghost (journeyman BaIE)
 22484 | Lair:1   | Killed Sar's ghost
 22484 | Lair:1   | Reached skill level 10 in Dodging
 23385 | Lair:2   | Reached skill level 5 in Poison Magic
 23720 | Lair:2   | Found a stormy altar of Qazlal.
 24777 | Lair:3   | Learned a level 3 spell: Regeneration
 24780 | Lair:3   | Learned a level 2 spell: Blink
 24818 | Lair:3   | Found a staircase to the Snake Pit.
 24835 | Lair:3   | Gained mutation: You can fly continuously. [Tengu growth]
 24835 | Lair:3   | Reached XP level 14. HP: 84/84 MP: 21/25
 25468 | Lair:3   | Reached skill level 1 in Necromancy
 25468 | Lair:3   | Reached skill level 1 in Translocations
 26215 | Lair:4   | Found a staircase to the Swamp.
 26995 | Lair:5   | Reached ****** piety under Vehumet
 27264 | Lair:5   | Found a runed door.
 27264 | Lair:5   | Found a viscous altar of Jiyva.
 27264 | Lair:5   | Found a staircase to the Slime Pits.
 27274 | Lair:5   | Offered knowledge of Lee's Rapid Deconstruction by Vehumet.
 27508 | Lair:5   | Reached skill level 5 in Necromancy
 27966 | Lair:6   | Entered Level 6 of the Lair of Beasts
 28196 | Lair:6   | Noticed tilp's ghost (journeyman MiBe)
 28829 | Lair:6   | Killed tilp's ghost
 28829 | Lair:6   | Reached XP level 15. HP: 64/90 MP: 2/27
 29035 | Lair:6   | Found a glowing silver altar of Zin.
 29679 | Lair:6   | Offered knowledge of Fireball by Vehumet.
 30318 | Lair:1   | Learned a level 5 spell: Fireball
 30557 | D:12     | Noticed a storm dragon
 30557 | D:12     | a death yak changed into a storm dragon
 30569 | D:12     | a storm dragon changed into an alligator snapping turtle
 30682 | Orc:1    | Entered Level 1 of the Orcish Mines
 30953 | Orc:1    | Found a roughly hewn altar of Beogh.
 31046 | Orc:2    | Entered Level 2 of the Orcish Mines
 31341 | Orc:2    | Offered knowledge of Bolt of Fire by Vehumet.
 31439 | Orc:2    | Found a staircase to the Elven Halls.
 31629 | Orc:2    | Noticed tilp's ghost (journeyman MiBe)
 31706 | Orc:2    | Reached skill level 13 in Conjurations
 31961 | Orc:2    | Noticed an orc warlord
 31992 | Orc:2    | Killed an orc warlord
 32255 | Orc:2    | Killed tilp's ghost
 32531 | Orc:2    | Found Juarug's General Store.
 32532 | Orc:2    | Found Magyc's Book Emporium.
 32533 | Orc:2    | Found Hophytetz's Antique Armour Emporium.
 32533 | Orc:2    | Found Velefeh's Antique Weapon Shoppe.
 33447 | D:13     | Offered knowledge of Iron Shot by Vehumet.
 33601 | D:13     | Noticed Nessos
 33608 | D:13     | Killed Nessos
 33977 | D:13     | Reached XP level 16. HP: 96/96 MP: 27/30
 34127 | D:13     | Found a hazy altar of Hepliaklqana.
 34362 | D:13     | Found a gate to the Vaults.
 34477 | D:13     | Noticed Rupert
 34514 | D:13     | Killed Rupert
 34854 | Lair:1   | Learned a level 6 spell: Iron Shot
 35605 | D:14     | Reached skill level 14 in Conjurations
 35801 | D:14     | Offered knowledge of Conjure Ball Lightning by Vehumet.
 36307 | D:14     | Reached skill level 5 in Earth Magic
 36424 | D:15     | Entered Level 15 of the Dungeon
 36440 | D:15     | Reached skill level 1 in Shields
 36653 | D:15     | Found a glowing golden altar of the Shining One.
 36654 | D:15     | Found a deep blue altar of Sif Muna.
 36654 | D:15     | Found a glowing golden altar of the Shining One.
 36991 | D:15     | Found a staircase to the Depths.
 37590 | D:15     | Reached skill level 15 in Conjurations
 37808 | D:15     | Noticed Azrael
 37852 | D:15     | Killed Azrael
 37852 | D:15     | Reached XP level 17. HP: 52/100 MP: 14/31
 38037 | D:15     | Reached skill level 5 in Shields
 38601 | D:15     | Offered knowledge of Lehudib's Crystal Spear by Vehumet.
 38601 | D:15     | Offered knowledge of Fire Storm by Vehumet.
 38601 | D:15     | Offered knowledge of Shatter by Vehumet.
 38853 | D:15     | Noticed a sphinx
 38868 | D:15     | Killed a sphinx
 39873 | Swamp:1  | Entered Level 1 of the Swamp
 40052 | Swamp:1  | Got a bloodstained hand axe
 40072 | Swamp:1  | Noticed Louise
 40123 | Swamp:1  | Killed Louise
 40123 | Swamp:1  | Reached skill level 10 in Shields
 40682 | Swamp:1  | Reached skill level 16 in Conjurations
 41108 | Swamp:1  | Noticed Donald
 42545 | Swamp:3  | Slain by a thorn hunter

Vault maps used:
D:1:      evilmike_arrival_run_for_it, minmay_tree_intersection,
          minmay_misc_feat_tiny
D:2:      first_bread
D:3:      uniq_natasha, uniq_terence
D:4:      minmay_temple_entry_fiery, enter_ossuary_3
D:6:      uniq_grinder, uniq_blork_the_orc
D:8:      lemuel_castle_with_subvaults, bloody_trog, grunt_ogre_cave, uniq_pikel
D:9:      serial_shops, shop, uniq_psyche
D:11:     lair_entry_dummy, nicolae_looking_at_the_future, uniq_harold
D:12:     lemuel_slime, orc_0_dummy, uniq_kirke
D:13:     lightli_vaults_fourway_checkpoint, lemuel_statue_altar, uniq_rupert,
          uniq_nessos
D:14:     minivault_24, st_stairs_1, kennysheep_dice
D:15:     hangedman_slaughterboxes, serial_shops, uniq_azrael
Temple:   roderic_octagonal_lattice_temple
Lair:1:   serial_bayou_shore_a
Lair:2:   basic_altar, minmay_lair_oklob_bushes
Lair:3:   guppyfry_snake_entry_island, nicolae_quartered_pool_medium,
          infiniplex_staircase_pool
Lair:4:   swamp_mist_pool, grunt_megastairs_4, minmay_lair_oklob_chamber
Lair:5:   slime_altar_2, forest_entry_grove, grunt_megastairs_1,
          lemuel_fruit_fields
Lair:6:   evilmike_catoblepas_cave, basic_altar, grunt_megastairs_2
Swamp:1:  nicolae_swamp_rocky_clearing, swamp_pool4, uniq_louise, uniq_donald
Swamp:2:  serial_swamp_ruin, hangedman_swamp_ruin_wall,
          evilmike_swamp_ruin_house_3
Swamp:3:  evilmike_swamp_ruin_house_6, swamp_pool3, uniq_mara
Orc:1:    basic_altar, roderic_batcave
Orc:2:    st_orc_congregation, abandoned_shop, nicolae_orc_damp_corner
Ossuary:  ossuary_minmay_scorpions

Skill      XL: |  1  2  3  4  5  6  7  8  9 10 11 12 13 14 15 16 17 |
---------------+----------------------------------------------------+-----
Spellcasting   | 3 4 5 7 9 |  9.0
Conjurations   | 2 3 4 5 7 8 9 10 11 12 13 15 16 | 16.0
Air Magic      | 5 6 7 8 9 10 11 | 11.0
Polearms       | 2 4 5 6 7 8 9 |  9.0
Armour         | 2 4 5 6 7 9 |  9.0
Evocations     | 2 4 5 6 |  6.1
Fighting       | 1 3 4 6 7 8 9 |  9.0
Dodging        | 3 4 5 7 8 10 11 12 | 12.2
Charms         | 1 2 3 4 |  4.0
Ice Magic      | 2 |  2.4
Earth Magic    | 2 3 4 5 6 |  6.0
Fire Magic     | 2 5 6 7 9 |  9.0
Poison Magic   | 5 6 |  6.0
Necromancy     | 6 7 |  7.3
Translocations | 4 |  4.0
Shields        | 4 10 | 10.0
Stealth        | |  2.0

Action                   |  1- 3 |  4- 6 |  7- 9 | 10-12 | 13-15 | 16-18 || total
-------------------------+-------+-------+-------+-------+-------+-------++-------
Melee: Unarmed           |    24 |       |       |       |    31 |       ||    55
       Peck              |     8 |     5 |    49 |    80 |   116 |   199 ||   457
       Kick              |    10 |    13 |    74 |   149 |   165 |   289 ||   700
       Short sword       |    43 |    47 |       |       |       |       ||    90
       Hand axe          |       |    14 |       |       |       |       ||    14
       Spear             |       |     4 |   330 |   550 |   714 |   786 ||  2384
       Trident           |       |       |       |       |       |   196 ||   196
 Cast: Shock             |    34 |    91 |   165 |   516 |   510 |   131 ||  1447
       Swiftness         |       |     1 |       |     2 |     1 |       ||     4
       Stone Arrow       |       |       |       |    16 |     2 |       ||    18
       Lightning Bolt    |       |       |       |    21 |    83 |    14 ||   118
       Bolt of Magma     |       |       |       |    11 |       |       ||    11
       Sticky Flame      |       |       |       |     7 |   275 |   332 ||   614
       Venom Bolt        |       |       |       |       |    10 |     7 ||    17
       Blink             |       |       |       |       |     1 |    12 ||    13
       Fireball          |       |       |       |       |    20 |     6 ||    26
       Iron Shot         |       |       |       |       |       |    16 ||    16
       Regeneration      |       |       |       |       |       |     1 ||     1
 Abil: Fly               |       |       |       |       |     1 |       ||     1
Evoke: Wand              |       |       |       |     5 |    12 |     5 ||    22
  Use: Scroll            |     5 |     6 |     7 |    11 |    10 |     8 ||    47
       Potion            |       |     6 |     4 |     7 |    12 |     6 ||    35
 Stab: Sleeping          |     4 |     1 |     8 |     4 |     2 |       ||    19
       Distracted        |       |       |       |     4 |     1 |       ||     5
       Invisible         |       |       |       |       |     6 |       ||     6
       Petrified         |       |       |       |       |     9 |       ||     9
  Eat: Bread ration      |     1 |       |     3 |     2 |     3 |     5 ||    14
       Chunk             |       |     6 |     5 |    29 |    66 |    30 ||   136
       Meat ration       |       |     1 |       |       |     3 |     1 ||     5
       Royal jelly       |       |       |     2 |       |     3 |     1 ||     6
       Fruit             |       |       |       |     4 |       |     7 ||    11
Armor: Robe              |    19 |    46 |    42 |    86 |    50 |    79 ||   322
       Leather armour    |       |       |       |     1 |    21 |       ||    22
       Acid dragon scale |       |       |       |       |       |    47 ||    47
Dodge: Dodged            |    52 |   125 |   266 |   735 |  1403 |  1359 ||  3940
Block: Buckler           |       |       |       |       |       |   243 ||   243
